AoeStats
← 恆浪蕩

Nomad

507033945Analyzed
4v4 RM · 15d ago on Sep 16, 2026· 51m 39s· 8 players
Game mode
Random Map
Map size
231×231
Population
200
Speed
Normal
Resources
Standard
Victory
Conquest
Starting age
Dark Age
Ending age
Imperial Age
RankedLock teamsTeams togetherTeam positionsShared explorationLock speedFull tech treeHidden civsTurbo modeCheats
Victory
Defeat
🇨🇿 Cumans · Czechia
1849
+6
🇹🇼 Khmer · Taiwan
1614
+13
🇧🇷 Persians · Brazil
1598
+14
🇦🇷 Muisca · Argentina
1583
+15
🇨🇳 Khitans · China
1662
-17
🇭🇰 Celts · Hong Kong SAR China
1658
-15
🇦🇺 Burmese · Australia
1474
-8
🇨🇳 Dravidians · China
1455
-8
默默默默默
14:02 Feudal Age
17:50 Castle Age
17:51 Double-Bit Axe
20:17 Bow Saw
20:00 Gold Mining
21:57 Fletching
22:47 Bodkin Arrow
23:32 Padded Archer Armor
24:11 Town Watch
25:09 Leather Archer Armor
27:22 Loom
28:12 Wheelbarrow
29:28 Ballistics
29:12 Fishing Lines
33:15 Imperial Age
34:15 Bracer
36:31 Conscription
46:05 Chemistry
50:35 Elite Guecha Warrior
Velky kanec
4:36 Loom
13:01 Feudal Age
16:31 Castle Age
15:42 Double-Bit Axe
17:35 Bow Saw
17:08 Fishing Lines
18:14 Fletching
19:19 Bodkin Arrow
24:02 Medium Warships
23:37 Horse Collar
29:38 Gold Mining
31:14 Gillnets
35:02 Imperial Age
32:39 Padded Archer Armor
33:37 Leather Archer Armor
34:23 Bloodlines
34:37 Stone Mining
36:12 Wheelbarrow
37:24 Chemistry
36:46 Town Watch
39:13 Gold Shaft Mining
39:32 Ring Archer Armor
40:02 Conscription
40:32 Coinage
40:23 Capped Ram
42:38 Elite Kipchak
44:09 Parthian Tactics
44:54 Thumb Ring
46:12 Ballistics
45:33 Siege Ram
49:33 Two-Man Saw
49:15 Banking
50:28 Hand Cart
Floripa
9:52 Loom
13:58 Feudal Age
14:50 Town Watch
17:22 Castle Age
15:08 Double-Bit Axe
15:25 Fishing Lines
16:15 Gold Mining
18:05 Forging
18:11 Medium Warships
18:25 Bow Saw
19:09 Gillnets
21:05 Iron Casting
22:23 Wheelbarrow
21:37 Town Watch
22:19 Stone Mining
23:12 Fletching
32:17 Horse Collar
33:26 Hand Cart
37:54 Imperial Age
35:38 Scale Barding Armor
36:56 Gold Shaft Mining
36:47 Bloodlines
36:38 Husbandry
38:28 Stone Shaft Mining
39:22 Blast Furnace
37:53 Cavalier
39:51 Chain Barding Armor
40:00 Savar
41:46 Plate Barding Armor
42:20 Bodkin Arrow
43:08 Heavy Scorpion
46:14 Chemistry
45:34 Ballistics
46:18 Guard Tower
46:39 Masonry
47:41 Conscription
48:05 Murder Holes
48:10 Capped Ram
49:43 Coinage
49:00 Light Cavalry
49:31 Siege Ram
50:55 Architecture
52:40 Hoardings
恆浪蕩
4:04 Loom
13:07 Feudal Age
14:05 Double-Bit Axe
18:17 Castle Age
34:54 Wheelbarrow
50:12 Bow Saw
52:46 Wheelbarrow
Noob ai
5:24 Loom
13:16 Feudal Age
13:46 Loom
17:02 Castle Age
14:57 Fishing Lines
15:17 Stone Mining
15:26 Gold Mining
18:29 Gillnets
18:36 Stone Mining
23:40 Padded Archer Armor
25:16 Bloodlines
25:09 Husbandry
29:25 Ballistics
33:05 Imperial Age
31:56 Wheelbarrow
31:07 Town Watch
32:12 Gold Shaft Mining
34:35 Herbal Medicine
35:03 Conscription
36:04 Chemistry
35:38 Elite Arambai
37:32 Parthian Tactics
39:58 Hand Cart
43:52 Scale Mail Armor
44:02 Forging
43:54 Squires
44:44 Coinage
43:48 Pikeman
45:00 Chain Mail Armor
44:36 Halberdier
45:38 Siege Engineers
45:26 Fletching
第98次心痛
9:50 Loom
13:43 Feudal Age
14:15 Double-Bit Axe
16:33 Town Watch
20:32 Castle Age
18:41 Scale Mail Armor
18:53 Forging
19:53 Scale Mail Armor
20:30 Man-at-Arms
21:14 Gambesons
21:44 Chain Mail Armor
21:27 Long Swordsman
22:08 Squires
23:46 Arson
35:32 Bow Saw
38:39 Imperial Age
36:55 Wheelbarrow
38:40 Padded Archer Armor
39:12 Elite Skirmisher
39:43 Fletching
40:11 Leather Archer Armor
42:16 Two-Man Saw
40:57 Horse Collar
41:48 Ring Archer Armor
41:09 Fletching
42:55 Pikeman
44:08 Plate Mail Armor
43:33 Halberdier
47:25 Heavy Plow
49:46 Coinage
50:58 Chemistry
悠律
12:43 Loom
15:28 Feudal Age
16:21 Double-Bit Axe
19:05 Castle Age
18:40 Forging
20:32 Bow Saw
24:58 Iron Casting
29:26 Domestication
35:41 Fletching
35:53 Husbandry
36:25 Bodkin Arrow
36:18 Town Watch
37:29 Ballistics
38:16 Heavy Cavalry Archer
46:51 Murder Holes
zypro
4:43 Loom
14:35 Feudal Age
15:45 Double-Bit Axe
16:39 Fishing Lines
19:18 Castle Age
18:09 Gold Mining
20:31 Bow Saw
21:15 Fletching
21:18 Horse Collar
26:33 Wheelbarrow
28:33 Town Watch
31:47 Hand Cart
34:50 Ballistics
38:48 Imperial Age
38:03 Scale Mail Armor
38:48 Masonry
39:56 Conscription
40:47 Chemistry
40:53 Forging
42:15 Siege Engineers
41:46 Capped Ram
42:07 Pikeman
43:33 Treadmill Crane
43:51 Halberdier
48:48 Heavy Scorpion
Connection lost

Rejoining the realm…

Still unreachable

The connection could not be restored.

Session expired

The server has moved on; the page needs a fresh start.